AoeStats
← s9971031

Nomad

509565417Analyzed
4v4 RM · 6d ago on Sep 27, 2026· 43m 40s· 8 players
Game mode
Random Map
Map size
231×231
Population
200
Speed
Normal
Resources
Standard
Victory
Conquest
Starting age
Dark Age
Ending age
Imperial Age
RankedLock teamsTeams togetherTeam positionsShared explorationLock speedFull tech treeHidden civsTurbo modeCheats
Victory
Defeat
🇹🇼 Khmer · Taiwan
948
+16
🇨🇳 Danes · China
946
+16
🇨🇳 Huns · China
945
+16
🇨🇳 Vikings · China
937
+17
🇭🇰 Danes · Hong Kong SAR China
1001
-18
🇹🇼 Vietnamese · Taiwan
982
-17
🇳🇮 Khmer · Nicaragua
933
-16
🇵🇱 Celts · Poland
886
-14
CannotFly
17:20 Feudal Age
18:09 Stone Mining
18:46 Loom
19:24 Horse Collar
21:19 Double-Bit Axe
26:28 Castle Age
26:41 Gold Mining
28:22 Bow Saw
28:14 Heavy Plow
28:03 Fishing Lines
28:54 Fletching
31:49 Imperial Age
31:23 Gillnets
33:08 Conscription
34:26 Double Crossbow
37:30 Bodkin Arrow
37:41 Scale Barding Armor
41:21 Ballistics
42:03 Chemistry
43:12 Bracer
43:33 Chain Barding Armor
Manchuria lmuberjack
12:27 Loom
14:38 Feudal Age
19:38 Double-Bit Axe
22:33 Castle Age
21:08 Horse Collar
21:23 Gold Mining
21:42 Fishing Lines
23:51 Medium Warships
25:08 Fletching
25:58 Gold Shaft Mining
29:27 Heavy Plow
31:44 Squires
32:07 Bodkin Arrow
33:55 Murder Holes
34:10 Masonry
38:39 Imperial Age
Q董香酱E
4:08 Loom
8:31 Loom
15:18 Feudal Age
16:39 Man-at-Arms
18:05 Double-Bit Axe
18:37 Forging
19:52 Scale Mail Armor
21:41 Arson
25:47 Castle Age
24:38 Fishing Lines
30:22 Fletching
34:34 Wheelbarrow
34:13 Gold Mining
34:14 Stone Mining
34:14 Long Swordsman
34:57 Squires
41:53 Imperial Age
40:10 Hand Cart
40:36 Gold Shaft Mining
40:35 Bow Saw
41:02 Horse Collar
41:20 Gillnets
41:36 Gambesons
42:35 Iron Casting
42:12 Two-Handed Swordsman
43:20 Chain Mail Armor
42:43 Capped Ram
43:01 Champion
43:56 Heavy Plow
44:57 Blast Furnace
44:38 Conscription
KaoruRed
4:00 Loom
16:10 Feudal Age
21:29 Castle Age
20:17 Double-Bit Axe
24:31 Wheelbarrow
24:30 Husbandry
26:40 Hand Cart
27:22 Gold Mining
28:16 Bow Saw
29:16 Horse Collar
30:52 Bloodlines
32:13 Gold Shaft Mining
32:18 Town Watch
32:51 Fishing Lines
33:26 Heavy Plow
37:31 Gillnets
43:25 Imperial Age
42:24 Stone Mining
43:20 Marauders
Legolas
15:11 Feudal Age
15:27 Loom
26:16 Castle Age
27:28 Town Watch
malolepszy.adrian
14:30 Feudal Age
15:47 Wheelbarrow
14:59 Double-Bit Axe
15:02 Fishing Lines
17:07 Gold Mining
18:35 Stone Mining
22:50 Castle Age
22:46 Fletching
22:56 Padded Archer Armor
28:29 Town Watch
30:22 Town Patrol
31:54 Elite Skirmisher
33:34 Hand Cart
34:00 Stone Shaft Mining
34:01 Gold Shaft Mining
35:44 Bodkin Arrow
36:05 Gillnets
36:15 Gillnets
39:41 Imperial Age
37:23 Bow Saw
ASCII
11:59 Loom
16:18 Feudal Age
20:28 Castle Age
18:30 Stone Mining
20:17 Double-Bit Axe
20:18 Horse Collar
22:22 Bow Saw
22:24 Gold Mining
23:21 Scale Mail Armor
23:33 Forging
24:46 Gambesons
29:41 Arson
30:23 Squires
30:53 Town Watch
38:51 Chain Mail Armor
41:45 Wheelbarrow
44:17 Iron Casting
s9971031
17:48 Feudal Age
20:16 Double-Bit Axe
24:35 Castle Age
26:47 Forging
26:38 Fletching
27:02 Padded Archer Armor
27:13 Thumb Ring
27:47 Squires
28:28 Iron Casting
29:03 Scale Mail Armor
29:38 Crossbowman
32:02 Chain Mail Armor
31:47 Bodkin Arrow
33:45 Leather Archer Armor
Connection lost

Rejoining the realm…

Still unreachable

The connection could not be restored.

Session expired

The server has moved on; the page needs a fresh start.